cohdb
Replays
Latest Replays
All Replays
Popular Replays
Top Player Replays
Match Explorer
How It Works
Community
CoH3 Stats
Reddit
Sign in to upload your games and track your stats! →
Sign in with Steam
Match 41919409
Unlisted
Match 41919409
Overview
Messages
Build Orders
End
Construct Infanterie Kompanie
Pioneer Squad
Grenadier Squad
MG 42 Machine Gun Team
GrW 34 Mortar Team
Construct Panzergrenadier Kompanie
Panzergrenadier Squad
Pak 40 Anti-tank Gun Team
Construct Panzer Kompanie
Stoßtruppen Squad
Stoßtruppen Squad
Selects Terror Battlegroup
Selects Contempt for the Weak
Selects Jericho Trumpet
Jericho Trumpet
Panzer IV Medium Tank
Grenadier Squad
Panzer Officer Quarters
Stoßtruppen Squad
Pioneer Squad
Jericho Trumpet
Panzer IV Medium Tank
Panzer IV Medium Tank
Pioneer Squad
Side Skirts
Medical Bunker
Selects Heavy Gunnery
Selects Defend the Fatherland
Kanade
仙台葉月@宮城のけち
BearableBear
ゆきかぜ
Sherman-C
XIAOXU
NO.2
aion907(ROK)
0
0
Comments
sign in to comment!
No comments posted yet!